 Dungeon Crawl Stone Soup version 0.20.1 (webtiles) character file.

96 robba the Magician (level 4, -3/24 HPs)
             Began as a Deep Elf Wizard on July 2, 2017.
             Killed from afar by an orc wizard (5 damage)
             ... with a magic dart
             ... on level 3 of the Dungeon.
             The game lasted 00:24:04 (1977 turns).

robba the Magician (Deep Elf Wizard)                Turns: 1977, Time: 00:24:05

Health: -3/24      AC:  3    Str:  4    XL:     4   Next: 41%
Magic:  10/14      EV: 12    Int: 24    God:
Gold:   112        SH:  0    Dex: 13    Spells: 12/15 levels left

rFire    . . .     SeeInvis .   p - +0 short sword
rCold    . . .     Gourm    .   (no shield)
rNeg     . . .     Faith    .   k - +0 leather armour
rPois    .         Spirit   .   b - +0 hat
rElec    .         Reflect  .   (no cloak)
rCorr    .         Harm     .   (no gloves)
MR       .....                  (no boots)
Stlth    ++........             (no amulet)
Regen    0.1/turn               (no ring)
MPRegen  0.2/turn               (no ring)

@: no status effects
A: no striking features
a: no special abilities


You were on level 3 of the Dungeon.
You were not hungry.

You visited 1 branch of the dungeon, and saw 3 of its levels.

You collected 112 gold pieces.

Inventory:

Hand Weapons
 h - a +0 dagger
 p - a +0 short sword (weapon)
Missiles
 v - 7 poisoned needles
Armour
 b - a +0 hat (worn)
 k - a +0 leather armour (worn)
 u - a +2 ring mail of poison resistance
Wands
 o - a wand of clouds (3/9)
Scrolls
 a - a scroll of recharging
 n - a scroll of teleportation {unknown}
 q - a scroll of noise {unknown}
 t - a scroll of amnesia
Potions
 e - a potion of heal wounds {unknown}
 g - a potion of brilliance {unknown}
 l - a potion of mutation {unknown}
 m - 2 potions of berserk rage
Books
 c - a book of Minor Magic

   Spells                             Type                      Level
   a - Magic Dart                     Conjuration                  1
   b - Blink                          Translocation                2
   c - Call Imp                       Summoning                    2
   d - Slow                           Hexes                        2
   e - Conjure Flame                  Conjuration/Fire             3
   f - Mephitic Cloud                 Conjuration/Poison/Air       3
Comestibles
 d - 2 bread rations
 f - 2 meat rations
 i - a royal jelly
 r - 6 chunks of flesh


   Skills:
 + Level 0.1 Fighting
 + Level 0.2 Short Blades
 + Level 0.1 Armour
 + Level 2.8 Dodging
 + Level 3.0 Stealth
 + Level 6.2 Spellcasting
 + Level 1.5 Conjurations
 + Level 1.5 Summonings
   Level 1.1 Translocations


You had 12 spell levels left.
You knew the following spells:

 Your Spells              Type           Power        Failure   Level  Hunger
a - Magic Dart            Conj           ###.         8%          1    None
b - Call Imp              Summ           ###.....     11%         2    None


Dungeon Overview and Level Annotations

Branches:
Dungeon (3/15)

Altars:
Ru
Zin
The Shining One


Message History

Something hits you.
* * * LOW HITPOINT WARNING * * *
Your crimson imp completely misses something.
Your crimson imp disappears in a puff of smoke!
Things that are here:
a dagger; an orc corpse You swap places.
Something hits you but does no damage.
Found a stone staircase leading down.
An orc wizard appears from thin air!
Reactivating autopickup.
Your crimson imp blinks!
Your crimson imp blinks!
The orc wizard barely misses you.
Your crimson imp blinks!
Your crimson imp blinks!
Your crimson imp blinks!
Your crimson imp blinks!
The orc wizard points at you and mumbles some strange words.
The magic dart hits you!
You die...

*
#..5.......####)†.......,*
*
#†.....5.....##..######***
***** #........5##.###.#
,,,,*
#...§........###.######
,,,,*
#.........#####.......####
,,,,* #........o#
#..........# ,,,,*
#.........# #....(...#.#
,,,,* #.........#
#........#,*
,,,,***#........@#
#........#,*
,,,,,,*#.........#
#........#,*
,,,,,,*########.##
#.......##,* ,,,,,,*
#.#########...##*,*
,,,,,,* #.............#
*,* ,,,,,,*
####..........###,*
*,,,,,* #.........>....*
*,,,,,* #..........####*
******* #..........#


You could see an orc wizard, a friendly crimson imp and a friendly white imp.

Vanquished Creatures
  2 adders
  2 dart slugs
  2 leopard geckos (D:1)
  2 ball pythons
  2 giant cockroaches (D:1)
  7 goblins
  4 hobgoblins (D:1)
  4 kobolds
  4 bats
  5 frilled lizards
  6 rats
40 creatures vanquished.

Vanquished Creatures (collateral kills)
  2 adders (D:3)
  An ooze (D:2)
  A worm (D:2)
  A dart slug (D:3)
  3 leopard geckos
  5 orcs (D:3)
  3 bats
  A goblin (D:2)
  2 hobgoblins (D:2)
  4 kobolds (D:2)
  2 rats
25 creatures vanquished.

Grand Total: 65 creatures vanquished

Notes
Turn   | Place    | Note
-------+----------+-------------------------------------------
     0 | D:1      | robba the Deep Elf Wizard began the quest for the Orb.
     0 | D:1      | Reached XP level 1. HP: 10/10 MP: 7/7
   233 | D:1      | Reached XP level 2. HP: 5/15 MP: 5/9
   237 | D:1      | Learned a level 2 spell: Call Imp
   330 | D:1      | Reached skill level 5 in Spellcasting
   583 | D:1      | Reached XP level 3. HP: 19/19 MP: 7/11
  1054 | D:2      | Found a sacrificial altar of Ru.
  1442 | D:2      | Found a glowing silver altar of Zin.
  1639 | D:2      | Reached skill level 6 in Spellcasting
  1647 | D:2      | Found a glowing golden altar of the Shining One.
  1789 | D:3      | Reached XP level 4. HP: 24/24 MP: 9/14
  1960 | D:3      | HP: 1/24 [something (2)]
  1977 | D:3      | Killed from afar by an orc wizard

Skill      XL: |  1  2  3  4 |
---------------+-------------+-----
Spellcasting   | 5 6 |  6.2
Stealth        | 3 |  3.0
Fighting       | |  0.1
Short Blades   | |  0.2
Armour         | |  0.1
Dodging        | |  2.8
Conjurations   | |  1.5
Summonings     | |  1.5
Translocations | |  1.1

Action                   |  1- 3 |  4- 6 || total
-------------------------+-------+-------++-------
Melee: Dagger            |    11 |       ||    11
       Short sword       |     7 |     9 ||    16
 Cast: Magic Dart        |    88 |     3 ||    91
       Call Imp          |    23 |     9 ||    32
  Use: Scroll            |     2 |     3 ||     5
 Stab: Distracted        |       |     1 ||     1
  Eat: Chunk             |     2 |     1 ||     3
Armor: Robe              |     3 |       ||     3
       Leather armour    |    12 |     4 ||    16
Dodge: Dodged            |    39 |     5 ||    44
